 Dungeon Crawl Stone Soup version 0.23-a0-639-ga9a3373 (console) character file.

8 Duffy the Firebug (level 2, 19/19 HPs)
             Began as a Demonspawn Fire Elementalist on Dec 29, 2018.
             Quit the game on level 1 of the Dungeon.
             The game lasted 00:00:21 (257 turns).

Duffy the Firebug (Demonspawn Fire Elementalist)     Turns: 257, Time: 00:00:22

Health: 19/19      AC:  3    Str:  8    XL:     2   Next: 0%
Magic:  5/5        EV: 11    Int: 16    God:
Gold:   0          SH:  0    Dex: 13    Spells: 4/5 levels left

rFire    . . .     SeeInvis .   (no weapon)
rCold    . . .     Gourm    .   (no shield)
rNeg     . . .     Faith    .   d - +0 leather armour
rPois    .         Spirit   .   (no helmet)
rElec    .         Reflect  .   (no cloak)
rCorr    .         Harm     .   (no gloves)
MR       .....                  (no boots)
Stlth    ++........             (no amulet)
HPRegen  0.06/turn              (no ring)
MPRegen  0.09/turn              (no ring)

@: no status effects
A: rot immunity
a: no special abilities


You were on level 1 of the Dungeon.
You were not hungry.

You visited 1 branch of the dungeon, and saw 1 of its levels.

Inventory:

Armour
 d - a +0 leather armour (worn)
Potions
 a - a potion of flight {unknown}
Comestibles
 b - 2 chunks of flesh
 c - a ration


   Skills:
 - Level 1.7 Dodging
 - Level 1.7 Stealth
 - Level 2.0 Spellcasting
 + Level 2.1 Conjurations
 - Level 2.6 Fire Magic


You had 4 spell levels left.
You knew the following spells:

 Your Spells              Type           Power        Failure   Level  Hunger
h - Flame Tongue          Conj/Fire      #....        12%         1    #......

Your spell library contained the following spells:

 Spells                   Type           Power        Failure   Level  Hunger
 Throw Flame              Conj/Fire      #.....       17%         2    ###....
 Conjure Flame            Conj/Fire      #.......     34%         3    ###....
 Inner Flame              Hex/Fire       #.......     45%         3    ###....
 Sticky Flame             Conj/Fire      #.......     75%         4    #####..
 Fireball                 Conj/Fire      #.........   97%         5    ######.


Dungeon Overview and Level Annotations

Branches:
Dungeon (1/15)

Altars:


Innate Abilities, Weirdness & Mutations

You are immune to rotting.


Message History

You butcher the rat corpse.
b - 2 chunks of flesh (gained 1)
You see here a rat skeleton. x2
A dart slug comes into view.
Drop what? 4/52 slots (_ for help) (? for menu, Esc to quit)
You drop a +0 robe.
Found a smoky golden potion.
Casting: Flame Tongue (safe; 12% risk of failure)
Confirm with . or Enter, or press ? or * to list all spells.
Aiming: Flame Tongue (safe; 12% risk of failure)
Press: ? - help, Shift-Dir - straight line, f - dart slug
Aim: a dart slug The flame tongue hits the dart slug.
You kill the dart slug!
Your Conjurations skill increases to level 2!
You have reached level 2!
Your demonic ancestry asserts itself...
You feel immune to rotting.
a - a smoky ruby potion Are you sure you want to abandon this character and quit the game? (Confirm

#.#.##.###.#.#.#.#....
##.#...............####
........###.......#....
#!.................###
#..?....##...>...#...
#.....$............##
#........#.......#.#
#........[%....)...#
#......@.#.#.#.#.#.#
#........####.##.#.#
#........# .# #
#.....>..# .#
#........# .#
#........# .#
#........# .#
########.#


There were no monsters in sight!

Vanquished Creatures
  A dart slug (D:1)
  A giant cockroach (D:1)
  2 goblins (D:1)
  2 rats (D:1)
6 creatures vanquished.

Notes
Turn   | Place    | Note
-------+----------+-------------------------------------------
     0 | D:1      | Duffy the Demonspawn Fire Elementalist began the quest for
                  | the Orb.
     0 | D:1      | Reached XP level 1. HP: 13/13 MP: 3/3
   232 | D:1      | Gained mutation: You are immune to rotting. [demonic
                  | ancestry]
   232 | D:1      | Reached XP level 2. HP: 19/19 MP: 3/5
   257 | D:1      | Quit the game

Vault maps used:
D:1:      wander_arrival_abandoned_jail, hangedman_decor_push, st_stairs_4

Skill      XL: |  1 |
---------------+----+-----
Conjurations   | 2 |  2.1
Dodging        | |  1.7
Stealth        | |  1.7
Spellcasting   | |  2.0
Fire Magic     | |  2.6

Action                   || total
-------------------------++-------
 Cast: Flame Tongue      ||    11
Dodge: Dodged            ||     3

Table legend:
 A = Non-vault XP
 B = Vault XP
 C = Vault XP percentage of total XP
 D = Non-vault monster count
 E = Vault monster count
 F = Vault count percentage of total count
                 A         B        C        D         E       F
            +---------+---------+-------+---------+---------+-------
      Total |       8 |       4 |  33.3 |       4 |       2 |  33.3
            +---------+---------+-------+---------+---------+-------
        D:1 |       8 |       4 |  33.3 |       4 |       2 |  33.3
            +---------+---------+-------+---------+---------+-------
